 Dungeon Crawl Stone Soup version 0.28-a0-21-gf74fda84f9 (webtiles) character file.

Game seed: 13054063853847755574

4 ezpacito the Skirmisher (level 1, 0/18 HPs)
             Began as a Demonspawn Abyssal Knight on July 27, 2021.
             Was an Initiate of Lugonu.
             Slain by a ball python (1 damage)
             ... on level 1 of the Dungeon.
             The game lasted 00:00:57 (456 turns).

ezpacito the Skirmisher (Demonspawn Abyssal Knight)  Turns: 456, Time: 00:00:58

Health: 0/18       AC:  3    Str: 12    XL:     1   Next: 58%
Magic:  2/2        EV:  8    Int: 13    God:    Lugonu [......]
Gold:   41         SH:  0    Dex: 12    Spells: 0/0 levels left

rFire   . . .      SeeInvis .   a - +1 hand axe
rCold   . . .      Faith    .   (no shield)
rNeg    . . .      Spirit   .   b - +0 leather armour
rPois   .          Reflect  .   (no helmet)
rElec   .          Harm     .   (no cloak)
rCorr   .          Rampage  .   (no gloves)
Will    .....                   (no boots)
Stlth   +.........              (no amulet)
HPRegen 0.06/turn               (no ring)
MPRegen 0.08/turn               (no ring)

@: attractive, constricted
A: no striking features
a: Renounce Religion


You were on level 1 of the Dungeon.
You worshipped Lugonu.
Lugonu was noncommittal.
You visited 1 branch of the dungeon, and saw 1 of its levels.
You visited the Abyss 1 time.

You collected 41 gold pieces.

Inventory:

Hand Weapons
 a - a +1 hand axe (weapon)
Armour
 b - a +0 leather armour (worn)
Wands
 e - a wand of iceblast (8)
Scrolls
 c - 3 scrolls of identify {unknown}


   Skills:
 + Level 3.0 Fighting
 * Level 1.9 Axes
 + Level 1.8 Armour
 + Level 1.0 Dodging
 + Level 0.1 Spellcasting
 + Level 2.5 Invocations
 + Level 0.0 Evocations


You couldn't memorise any spells.
You didn't know any spells.
Your spell library was empty.

Dungeon Overview and Level Annotations

Branches:
Dungeon (1/15)

Altars:


Message History

The stone hits you.
The ball python bites you but does no damage.
The ball python constricts you.
A kobold comes into view. It is wielding a +0 short sword.
The kobold shouts!
You hit the ball python.
The ball python is heavily wounded.
The ball python bites you but does no damage.
The ball python constricts you. The dart slug launches a dart at you.
The slug dart hits you. The ball python bites you.
The ball python constricts you.
You closely miss the ball python.
The ball python is moderately wounded.
The dart slug launches a dart at you. The slug dart hits you.
The ball python closely misses you. The ball python constricts you.
You are too injured to fight recklessly!
You escape the ball python's grasp.
The dart slug launches a dart at you. The slug dart misses you.
You barely miss the ball python.
The ball python is moderately wounded.
The ball python bites you. The ball python closely misses you. x2
The ball python grabs you.
* * * LOW HITPOINT WARNING * * *
The ball python constricts you.
You closely miss the ball python.
The ball python is moderately wounded.
The ball python bites you but does no damage.
The ball python constricts you.
It was a potion of attraction.
You feel attractive to monsters. The ball python bites you.
* * * LOW HITPOINT WARNING * * *
x2 The ball python constricts you.
You barely miss the ball python. The ball python barely misses you.
The ball python constricts you. The ball python bites you.
* * * LOW HITPOINT WARNING * * *
You die...

#.# #.# ...# #.# ..P.
###.# ######..P
....########.....#..P
#....>.............P
#.###..............P
..#......†#### #.#..
.##...###)#### #@#.#
.##..........# #S#.######
.##...#.#.#..###K#......##
)##.............K#........
.....#...............K..##
....≈≈≈≈≈≈≈≈≈≈≈≈≈≈≈......#
###.≈####≈≈≈≈≈####≈......#
#.≈#>.#######.⌠#≈......#
#.≈#..+.....+..#≈....w.#


You could see a ball python and 2 kobolds.

Vanquished Creatures
  2 ball pythons (D:1)
  A goblin (D:1)
  2 rats (D:1)
5 creatures vanquished.

Notes
Turn   | Place    | Note
-------+----------+-------------------------------------------
     0 | Abyss:1  | ezpacito the Demonspawn Abyssal Knight began the quest for
                  | the Orb.
     0 | Abyss:1  | Reached XP level 1. HP: 18/18 MP: 2/2
   143 | Abyss:2  | Noticed an air elemental
   146 | Abyss:2  | Paralysed by an air elemental for 1 turns
   147 | D:1      | Escaped the Abyss
   442 | D:1      | Reached skill level 1 in Dodging
   456 | D:1      | Slain by a ball python

Illustrated notes

Levels and vault maps discovered:
D:1:      heliophobic_arrival_glass_houses, layout_basic,
          shapermc_ecumenical_altar_ellora, serial_forest,
          infiniplex_forest_clump_diagonal, infiniplex_forest_lined_corner,
          infiniplex_forest_clump_diagonal, infiniplex_forest_straight_3,
          infiniplex_forest_lined_2, infiniplex_forest_straight_4,
          infiniplex_forest_clump_double, minmay_heptomino_w4

Skill      XL: |  1 |
---------------+----+-----
Dodging        | 1 |  1.0
Fighting       | |  3.0
Axes           | |  1.9
Armour         | |  1.8
Spellcasting   | |  0.1
Invocations    | |  2.5

Action                   || total
-------------------------++-------
Melee: Hand axe          ||    15
Invok: Depart the Abyss  ||     1
  Use: Potion            ||     1
Armor: Leather armour    ||     5
Dodge: Dodged            ||    14

Table legend: (Time is in decaauts)
 A = Elapsed time spent in this place.
 B = Non-inter-level travel time spent in this place.
 C = Inter-level travel time spent in this place.
 D = Time resting spent in this place.
 E = Time spent auto-exploring this place.
 F = Levels seen in this place.
 G = Mean time per level.
                   A        B        C        D        E       F      G
               +--------+--------+--------+--------+--------+-----+--------+
         Total |    458 |    458 |      0 |    220 |    174 |   3 |  152.7 |
       Dungeon |    311 |    311 |      0 |    220 |     52 |   1 |  311.0 |
         Abyss |    146 |    146 |      0 |      0 |    122 |   2 |   73.0 |
               +--------+--------+--------+--------+--------+-----+--------+

Top non-repeatable levels by time:
     D:1: 311 daAuts
 Abyss:1: 83 daAuts
 Abyss:2: 63 daAuts
